 Dungeon Crawl Stone Soup version 0.30-a0-808-g6e0788376e (webtiles) character file.

Game seed: 16880314332415528631

58375 cforsyth the Unseen (level 15, 0/90 HPs)
             Began as a Kobold Brigand on Feb 26, 2023.
             Was the Champion of Hepliaklqana.
             Succumbed to a swamp dragon's poison gas
             ... on level 5 of the Lair of Beasts.
             The game lasted 00:28:03 (24719 turns).

cforsyth the Unseen (Kobold Brigand)               Turns: 24719, Time: 00:28:03

Health: 0/90       AC:  8    Str: 10    XL:     15   Next: 29%
Magic:  15/15      EV: 27    Int: 16    God:    Hepliaklqana [******]
Gold:   1397       SH:  0    Dex: 23    Spells: 14/14 levels left

rFire   . . .      SeeInvis +    a - +5 dagger (freeze)
rCold   + . .      Faith    .    (no shield)
rNeg    + . .      Spirit   .    R - +0 troll leather armour
rPois   .          Reflect  .    J - +0 helmet
rElec   .          Harm     .    c - +0 cloak
rCorr   .          Rampage  .    b - +0 pair of gloves
Will    +....                    w - +0 pair of boots
Stlth   ++++                     (no amulet)
HPRegen 1.15/turn                L - +4 ring of slaying
MPRegen 0.14/turn                K - ring of Sebybrokk {rC+ rN+ Int+4 SInv}

@: lethally poisoned (0 -> -40), very slow
A: reduced essence, small, no large weapons, nightstalker 3
a: Renounce Religion, Recall Ancestor, Ancestor Identity, Transference, Idealise


You were on level 5 of the Lair of Beasts.
You worshipped Hepliaklqana.
Hepliaklqana was exalted by your worship.
You visited 3 branches of the dungeon, and saw 18 of its levels.
You also visited: Sewer.

You collected 1397 gold pieces.

Inventory:

Hand Weapons
 a - a +5 dagger of freezing (weapon)
 z - a +3 short sword of freezing
Missiles
 d - 47 poisoned darts (quivered)
 e - 3 curare-tipped darts
 x - 6 throwing nets
 X - 6 atropa-tipped darts
Armour
 b - a +0 pair of gloves (worn)
 c - a +0 cloak (worn)
 j - a +0 kite shield
 w - a +0 pair of boots (worn)
 J - a +0 helmet (worn)
 R - a +0 troll leather armour (worn)
Jewellery
 v - a ring of protection from cold
 E - a ring of magical power
 F - an amulet of guardian spirit
 K - the ring of Sebybrokk (right hand) {rC+ rN+ Int+4 SInv}
   (You found it on level 9 of the Dungeon)

   [ring of see invisible]

   Int:       It affects your intelligence (+4).
   rC:        It protects you from cold.
   rN:        It protects you from negative energy.
   SInv:      It lets you see invisible.
 L - a +4 ring of slaying (left hand)
 M - the necklace of Bloodlust {Fury *Rage Will++ Int-3 Slay+6}
   (You found it on level 10 of the Dungeon)

   [amulet of nothing]

   Fury:      It extends the wearer's berserk rage when killing foes.
   Int:       It affects your intelligence (-3).
   Slay:      It affects your accuracy & damage with ranged weapons and melee
   (+6).
   *Rage:     It berserks you when you make melee attacks (+50% chance).
   Will:      It greatly increases your willpower.
 V - a ring of resist corrosion
 Z - a +4 ring of protection
Wands
 n - a wand of flame (87)
 u - a wand of polymorph (6)
 y - a wand of acid (11)
 H - a wand of roots (19)
 P - a wand of charming (10)
 W - a wand of mindburst (5)
Scrolls
 h - 4 scrolls of blinking
 i - 11 scrolls of teleportation
 k - a scroll of identify
 l - 4 scrolls of poison
 m - a scroll of brand weapon
 r - 2 scrolls of silence
 s - 4 scrolls of magic mapping
 t - 5 scrolls of enchant armour
 C - 3 scrolls of fear
 D - 2 scrolls of enchant weapon
 G - 4 scrolls of immolation
 N - 4 scrolls of summoning
 Q - a scroll of amnesia
 Y - 2 scrolls of fog
Potions
 f - 3 potions of flight
 g - 3 potions of brilliance
 o - 5 potions of mutation
 p - 5 potions of berserk rage
 q - 6 potions of curing
 A - a potion of magic
 B - a potion of cancellation
 O - a potion of ambrosia
 S - 2 potions of lignification
 T - 4 potions of might
 U - a potion of resistance


   Skills:
 + Level 14.3 Fighting
 + Level 16.8 Short Blades
 - Level 2.3 Throwing
 + Level 15.4 Dodging
 + Level 18.7 Stealth


You had 14 spell levels left.
You didn't know any spells.
Your spell library contained the following spells:

 Spells                   Type           Power      Damage    Failure   Level
 Necrotise                Necr           0%         1d4       34%         1
 Slow                     Hex            0%         N/A       34%         1
 Blink                    Tloc           0%         N/A       45%         2
 Cigotuvi's Dreadful Rot  Necr/Pois/Air  0%         N/A       45%         2
 Lesser Beckoning         Tloc           0%         N/A       45%         2
 Momentum Strike          Conj/Tloc      0%         3d8       45%         2
 Poisonous Vapours        Pois/Air       0%         N/A       45%         2
 Static Discharge         Conj/Air       0%         2-2/arc   45%         2
 Sublimation of Blood     Necr           0%         N/A       45%         2
 Call Canine Familiar     Summ           0%         N/A       71%         3
 Confusing Touch          Hex            0%         N/A       71%         3
 Gell's Gravitas          Tloc           0%         N/A       71%         3
 Hailstorm                Conj/Ice       0%         3d3       71%         3
 Inner Flame              Hex/Fire       0%         N/A       71%         3
 Mephitic Cloud           Conj/Pois/Air  0%         N/A       71%         3
 Portal Projectile        Hex/Tloc       0%         N/A       71%         3
 Teleport Other           Tloc           0%         N/A       71%         3
 Vampiric Draining        Necr           0%         2d6       71%         3
 Vhi's Electric Charge    Tloc/Air       0%         N/A       71%         3
 Airstrike                Air            0%         2d(0-16)  98%         4
 Flame Wave               Conj/Fire      0%         2d4       98%         4
 Ice Form                 Ice/Tmut       0%         N/A       98%         4
 Leda's Liquefaction      Hex/Erth       0%         N/A       98%         4
 Manifold Assault         Tloc           0%         N/A       98%         4
 Petrify                  Tmut/Erth      0%         N/A       98%         4
 Sticky Flame             Conj/Fire      0%         2d3       98%         4
 Summon Ice Beast         Ice/Summ       0%         N/A       98%         4
 Summon Lightning Spire   Summ/Air       0%         N/A       98%         4
 Agony                    Necr           0%         N/A       100%        5
 Arcjolt                  Conj/Air       0%         1d10      100%        5
 Irradiate                Conj/Tmut      0%         3d11      100%        5
 Lightning Bolt           Conj/Air       0%         1d11      100%        5
 Summon Mana Viper        Hex/Summ       0%         N/A       100%        5
 Dispersal                Tloc           0%         N/A       100%        6
 Simulacrum               Ice/Necr       0%         N/A       100%        6
 Monstrous Menagerie      Summ           0%         N/A       100%        7
 Storm Form               Tmut/Air       0%         N/A       100%        7
 Maxwell's Capacitive Co  Air            0%         ∞         100%        8


Dungeon Overview and Level Annotations

Branches:
Dungeon (12/15)            Temple (1/1) D:7            Lair (5/5) D:10
 Shoals (0/4) Lair:3        Snake (0/4) Lair:3        Slime (0/5) Lair:5
    Orc (0/2) D:12          Sewer (visited)

Altars:
Ashenzari
Cheibriados
Fedhas
Gozag
Hepliaklqana
Makhleb
Okawaru
Qazlal
Uskayaw
Vehumet
Wu Jian
Xom
Yredelemnul
Zin
The Shining One
Jiyva

Annotations:
D:10 1 runed translucent door, cforsyth's ghost, journeyman KoBr


Innate Abilities, Weirdness & Mutations

Your life essence is reduced to manifest your ancestor. (-10% HP)
You are small and have problems with some larger weapons.
You are completely attuned to the shadows.


Message History

Cipactli hits the swamp dragon but does no damage.
Cipactli drains the swamp dragon.
You hit the swamp dragon but do no damage.
The swamp dragon is moderately wounded.
You are engulfed in poison gas.
You are more poisoned.
You feel very sick.
Cipactli hits the swamp dragon with a +0 dagger of draining.
The swamp dragon completely misses you. The swamp dragon claws you!
The swamp dragon misses you.
You puncture the swamp dragon! You freeze the swamp dragon.
The swamp dragon is heavily wounded.
You are engulfed in poison gas.
You are more poisoned.
You feel very sick.
Cipactli hits the swamp dragon with a +0 dagger of draining!
You hit the swamp dragon but do no damage.
The swamp dragon is severely wounded.
You are engulfed in poison gas.
You are lethally poisoned!
You feel extremely sick.
Cipactli points at the swamp dragon and mumbles some strange words.
The swamp dragon resists with some effort.
The swamp dragon misses Cipactli.
The swamp dragon claws Cipactli!
The swamp dragon tramples Cipactli!
Cipactli is shoved backwards!
You enter the shallow water.
Moving in this stuff is going to be slow.
You are engulfed in poison gas.
You are more poisoned.
* * * LOW HITPOINT WARNING * * *
x2 You feel extremely sick.
Cipactli hits the swamp dragon but does no damage.
The swamp dragon bites Cipactli!
The swamp dragon claws Cipactli.
The swamp dragon tramples Cipactli but does no damage.
Your unstable footing causes you to fumble your attack.
* * * LOW HITPOINT WARNING * * *
You feel extremely sick.
Cipactli barely misses the swamp dragon.
You catch the helpless swamp dragon completely off-guard!
You stick the swamp dragon like a pincushion!!!!
You freeze the swamp dragon.
You kill the swamp dragon!
You die...

# ♣♣~.~♣♣P.≈~♣♣
~≈≈≈≈~♣ #
♣P.♣~.♣♣≈~P♣ ~~~≈≈~♣
# ♣♣.♣♣~≈≈≈.♣♣
♣.~≈≈≈.♣ #
♣P.P≈~..♣♣ $.~≈≈..♣
#
♣...P~.♣♣♣![.~≈≈..♣♣
#
♣♣.♣...♣♣..?.~≈≈~.♣
# ♣♣..~≈♣♣♣$$○.~~.♣♣
# ♣...~~♣♣!°°.°≈~~.♣
# ♣♣....~♣♣♣°@○≈~..♣
♣♣...~~♣♣○°≈~.♣♣♣
♣♣♣...~♣♣R~..♣
♣♣..≈≈≈~.)♣♣
♣..~≈~..♣♣ ♣♣♣~~..♣♣
♣♣♣♣♣♣


You could see the friendly Cipactli the hexer.

Vanquished Creatures
  Nessos (Lair:3)
  A dire elephant (Lair:5)
  2 fire dragons
  3 hydras
  Harold (D:8)
  A catoblepas (Lair:4)
  3 boulder beetles
  3 two-headed ogres
  7 death yaks
  A skyshark (Lair:5)
  A fire crab (D:10)
  A swamp dragon (Lair:5)
  A wolf spider (Lair:5)
  2 cyclopes
  A guardian serpent (D:11)
  An elephant (Lair:5)
  3 black mambas
  Joseph (Lair:1)
  12 cane toads
  2 torpor snails (Lair:4)
  3 rime drakes
  A gargoyle (D:11)
  An unseen horror (D:12)
  6 komodo dragons
  2 tengu conjurers (D:11)
  2 trolls (D:12)
  8 polar bears
  2 hornets
  3 raiju (Lair:5)
  14 blink frogs
  A dream sheep (Lair:2)
  2 slime creatures (Lair:5)
  A snapping turtle (Lair:3)
  8 wyverns
  41 yaks
  A wraith (D:11)
  A steam dragon (Lair:1)
  4 vampire mosquitoes (D:12)
  5 basilisks
  Menkaure (D:4)
  5 wargs (Lair:5)
  3 nagas (Lair:3)
  3 acid dragons (D:9)
  11 water moccasins
  3 orc warriors
  10 hell hounds (Lair:5)
  2 swamp drakes (Lair:5)
  2 ice beasts (D:7)
  9 black bears
  7 centaurs
  An ogre (D:6)
  14 wolves
  2 phantoms
  12 bullfrogs
  3 kobold brigands
  A scorpion (D:6)
  13 wights
  4 killer bees
  A howler monkey (shapeshifter) (D:10)
  4 howler monkeys
  An electric eel (Lair:2)
  4 hounds
  A gnoll bouda (D:4)
  2 orc priests (D:11)
  4 jellies
  10 iguanas
  4 orc wizards
  4 gnolls (D:5)
  16 adders
  3 shadow imps
  A white imp (D:7)
  2 ufetubi
  3 dart slugs
  12 orcs
  13 ball pythons
  6 bats
  11 endoplasms
  17 giant cockroaches
  5 goblins
  9 hobgoblins
  3 jackals (D:1)
  16 kobolds
  12 quokkas
  9 frilled lizards
  18 rats
451 creatures vanquished.

Vanquished Creatures (collateral kills)
  A death yak (Lair:1)
  A cyclops (D:10)
  2 elephants (Lair:5)
  A black mamba (Lair:5)
  A torpor snail (Lair:2)
  A cane toad (Lair:1)
  A rime drake (Lair:5)
  2 komodo dragons
  A troll (D:10)
  3 polar bears
  5 blink frogs
  A dream sheep (Lair:2)
  A shadow (D:12)
  A wraith (D:11)
  2 steam dragons (Lair:5)
  5 yaks
  A warg (Lair:5)
  2 hell hounds (Lair:5)
  A swamp drake (Lair:5)
  6 black bears
  3 centaurs
  3 wolves (Lair:5)
  A kobold brigand (D:7)
  3 bullfrogs
  A necrophage (D:7)
  6 wights
  2 killer bees
  A howler monkey (D:9)
  A hound (D:6)
  2 iguanas (Lair:5)
  An orc wizard (D:9)
  3 orcs
  2 kobolds (D:7)
68 creatures vanquished.

Vanquished Creatures (others)
  An iguana (Lair:5)
  7 hexers
  24 fungi
  68 plants
100 creatures vanquished.

Grand Total: 619 creatures vanquished

Notes
Turn   | Place    | Note
-------+----------+-------------------------------------------
     0 | D:1      | cforsyth the Kobold Brigand began the quest for the Orb.
     0 | D:1      | Reached XP level 1. HP: 12/12 MP: 1/1
    91 | D:1      | Reached XP level 2. HP: 18/18 MP: 2/2
   380 | D:1      | Reached XP level 3. HP: 22/22 MP: 3/3
  1034 | D:2      | Reached XP level 4. HP: 27/27 MP: 4/4
  1821 | D:3      | Reached skill level 6 in Stealth
  1933 | D:3      | Found a glowing drain.
  1942 | Sewer    | Entered a sewer
  2047 | Sewer    | Reached XP level 5. HP: 19/32 MP: 5/5
  2610 | Sewer    | Noticed a bullfrog
  2835 | Sewer    | Noticed a bullfrog
  2840 | Sewer    | Killed a bullfrog
  2841 | Sewer    | Reached XP level 6. HP: 38/38 MP: 6/6
  3610 | D:3      | Reached skill level 7 in Stealth
  3708 | D:3      | Found a blossoming altar of Fedhas.
  3953 | D:3      | Found an iron altar of Okawaru.
  4241 | D:4      | Reached skill level 5 in Short Blades
  4241 | D:4      | Reached XP level 7. HP: 43/43 MP: 7/7
  4401 | D:4      | Noticed Menkaure
  4405 | D:4      | Killed Menkaure
  4422 | D:4      | Found a hazy altar of Hepliaklqana.
  4456 | D:4      | Became a worshipper of Hepliaklqana the Forgotten
  4956 | D:4      | Reached skill level 5 in Dodging
  4956 | D:4      | Reached XP level 8. HP: 48/48 MP: 8/8
  4975 | D:4      | Noticed a wyvern
  4979 | D:4      | Killed a wyvern
  4980 | D:4      | Reached skill level 5 in Fighting
  4980 | D:4      | Reached skill level 8 in Stealth
  5187 | D:5      | Entered Level 5 of the Dungeon
  6217 | D:5      | Reached * piety under Hepliaklqana
  6325 | D:5      | Found a stormy altar of Qazlal.
  6328 | D:5      | Found a basalt altar of Yredelemnul.
  6330 | D:5      | Found a hide-covered altar of Uskayaw.
  6366 | D:5      | Found a radiant altar of Vehumet.
  6758 | D:6      | Reached skill level 9 in Stealth
  6964 | D:6      | Reached XP level 9. HP: 49/49 MP: 9/9
  6991 | D:6      | Found an opulent altar of Gozag.
  7072 | D:6      | Found a shimmering altar of Xom.
  7375 | D:7      | Reached ** piety under Hepliaklqana
  7376 | D:7      | Remembered your ancestor Cipactli as a hexer
  7400 | D:7      | Found a staircase to the Ecumenical Temple.
  7426 | D:7      | Noticed a two-headed ogre
  7457 | Temple   | Entered the Ecumenical Temple
  7670 | D:6      | Killed a two-headed ogre
  7671 | D:6      | Reached skill level 10 in Stealth
  8113 | D:7      | Reached XP level 10. HP: 34/56 MP: 10/10
  8350 | D:7      | Found a glowing golden altar of the Shining One.
  8382 | D:7      | Found a snail-covered altar of Cheibriados.
  8416 | D:7      | Found a burning altar of Makhleb.
  8453 | D:7      | Reached skill level 11 in Stealth
  8587 | D:7      | Found a glowing silver altar of Zin.
  8756 | D:8      | Found an ornate altar of the Wu Jian Council.
 10140 | D:9      | Reached skill level 10 in Short Blades
 10223 | D:9      | Found a broken altar of Ashenzari.
 10224 | D:9      | Saw a vision of the Shoals and the Snake Pit.
 10224 | D:9      | Noticed a naga warrior
 10224 | D:9      | Noticed a black mamba
 10224 | D:9      | Noticed a harpy
 10224 | D:9      | Noticed a manticore
 10224 | D:9      | Noticed a black mamba
 10224 | D:9      | Noticed a naga mage
 10226 | D:9      | Noticed a merfolk siren
 10227 | D:9      | Noticed a sea snake
 10228 | D:9      | Noticed a manticore
 10228 | D:9      | Noticed a water nymph
 10230 | D:9      | Noticed a manticore
 10278 | D:9      | Reached skill level 12 in Stealth
 10302 | D:9      | Noticed Harold
 10538 | D:8      | Reached XP level 11. HP: 54/62 MP: 11/11
 11134 | D:8      | Killed Harold
 11432 | D:9      | Identified the ring of Sebybrokk {rC+ rN+ Int+4 SInv}
 11631 | D:9      | Reached *** piety under Hepliaklqana
 11841 | D:9      | Reached skill level 10 in Dodging
 11960 | D:10     | Entered Level 10 of the Dungeon
 12068 | D:10     | Found a staircase to the Lair.
 12069 | D:10     | Noticed a fire crab
 12083 | D:10     | Killed a fire crab
 12084 | D:10     | Reached skill level 13 in Stealth
 12667 | D:10     | Found a stormy altar of Qazlal.
 12718 | D:10     | Found a runed translucent door.
 12727 | D:10     | Noticed cforsyth's ghost (journeyman KoBr)
 12728 | D:10     | Noticed a tengu warrior
 13114 | D:10     | Reached skill level 10 in Fighting
 13223 | D:10     | Found the necklace of Bloodlust {Fury *Rage Will++ Int-3
                  | Slay+6}
 13838 | D:11     | Reached **** piety under Hepliaklqana
 13941 | D:11     | Noticed a cyclops
 13950 | D:11     | Killed a cyclops
 13959 | D:11     | Reached XP level 12. HP: 50/69 MP: 12/12
 14075 | D:11     | Found the +2 ratskin cloak {*Rats rPois rN+ Str-1 Int-1
                  | Dex+1}
 14243 | D:11     | Reached skill level 14 in Stealth
 14643 | D:11     | Noticed a two-headed ogre
 14647 | D:11     | Killed a two-headed ogre
 14884 | D:12     | Found a staircase to the Orcish Mines.
 14956 | D:12     | Noticed a boulder beetle
 14968 | D:12     | Killed a boulder beetle
 15331 | D:12     | Noticed a two-headed ogre
 15334 | D:12     | Killed a two-headed ogre
 15884 | D:12     | Reached ***** piety under Hepliaklqana
 16336 | Lair:1   | Entered Level 1 of the Lair of Beasts
 16452 | Lair:1   | Noticed Joseph
 16456 | Lair:1   | Killed Joseph
 16524 | Lair:1   | Reached skill level 15 in Stealth
 16642 | Lair:1   | Reached XP level 13. HP: 75/75 MP: 13/13
 18258 | Lair:2   | Noticed a fire dragon
 18268 | Lair:2   | Killed a fire dragon
 18269 | Lair:2   | Reached skill level 16 in Stealth
 19084 | Lair:3   | Noticed Nessos
 19088 | Lair:3   | Killed Nessos
 19091 | Lair:3   | Reached ****** piety under Hepliaklqana
 19366 | Lair:3   | Found a staircase to the Snake Pit.
 20262 | Lair:3   | Found a staircase to the Shoals.
 20451 | Lair:4   | Reached skill level 15 in Short Blades
 20462 | Lair:4   | Reached XP level 14. HP: 81/82 MP: 14/14
 20636 | Lair:4   | Reached skill level 17 in Stealth
 21465 | Lair:5   | Entered Level 5 of the Lair of Beasts
 22673 | Lair:5   | Reached skill level 18 in Stealth
 22882 | Lair:5   | Reached skill level 15 in Dodging
 22935 | Lair:5   | Noticed a dire elephant
 22969 | Lair:5   | Reached XP level 15. HP: 23/90 MP: 15/15
 23419 | Lair:5   | Found a viscous altar of Jiyva.
 23419 | Lair:5   | Found a staircase to the Slime Pits.
 24719 | Lair:5   | Succumbed to a swamp dragon's poison gas

Illustrated notes

Levels and vault maps discovered:
D:1:      onia_arrival_handbag, layout_loops_ring
D:2:      layout_basic
D:3:      layout_basic, fedhas_altar_fruit_tree, mainiacjoe_overflow_24_doors,
          portal_sewer_entry_a, saegor_snake_ambush
D:4:      layout_cave_pools, mainiacjoe_overflow_boulevard, minmay_misc_feat_x,
          nzn_random_ring, uniq_menkaure
D:5:      layout_basic, grunt_temple_overflow_diamond, vehumet_altar_wand_db,
          kennysheep_generic_room_12
D:6:      layout_cave_pools, grunt_temple_overflow_open
D:7:      layout_loops_ring, tso_oasis_becter, kennysheep_slug_shrine,
          zin_scriptorium, bloody_makhleb, minmay_temple_entry_statues_pillars
D:8:      layout_loops_corners, mainiacjoe_overflow_paths
D:9:      layout_irregular_city, grunt_ashenzari_visionary
          [grunt_ashenzari_visionary_shoals, grunt_ashenzari_visionary_snake],
          grunt_decor_resistance, hangedman_decor_clover_reticule,
          corexii_corridor_pit, uniq_harold
D:10:     layout_stronghold, minmay_lair_entry_lava, ebering_ghost_inner_flame,
          minmay_ruined_shrine
D:11:     layout_stronghold, nrook_guardian_serpent_double
D:12:     layout_grid_maze, orc_0_dummy
Temple:   nicolae_temple_great_sept
Lair:1:   layout_cave_pods, minivault_27, lemuel_old_faithful,
          grunt_megastairs_4, lemuel_fruit_tree, uniq_joseph
Lair:2:   dragon1_lemuel, layout_long_grid, minivault_11, serial_bayou_shore_b,
          grunt_megastairs_5
Lair:3:   layout_layer_cave, minmay_shoals_entry_hut,
          nicolae_snake_entry_squirm, uniq_nessos
Lair:4:   layout_long_grid
Lair:5:   guppyfry_lair_end_dragon, layout_loops_ring,
          hangedman_lair_caniforms_friends, minmay_slime_entry_pillars,
          chequers_serial_rivers_small_b, minmay_lindwurm_lava,
          serial_bayou_shore_a

Skill      XL: |  1  2  3  4  5  6  7  8  9 10 11 12 13 14 |
---------------+-------------------------------------------+-----
Short Blades   | 3 4 5 7 8 10 12 13 15 16 | 16.8
Dodging        | 2 3 4 5 6 7 9 11 12 13 15 | 15.4
Fighting       | 3 4 6 7 8 10 11 12 14 | 14.3
Stealth        | 6 7 9 10 12 13 15 16 18 | 18.7
Throwing       | |  2.3

Action                     |  1- 3 |  4- 6 |  7- 9 | 10-12 | 13-15 || total
---------------------------+-------+-------+-------+-------+-------++-------
  Melee: Dagger            |    84 |   220 |   298 |   210 |   510 ||  1322
         Punch             |       |     2 |     6 |     6 |    22 ||    36
         Short sword       |       |       |       |   331 |   439 ||   770
 Invoke: Ancestor Identity |       |       |     2 |       |       ||     2
         Ancestor Life: He |       |       |     1 |       |       ||     1
         Recall Ancestor   |       |       |       |       |     3 ||     3
         Transference      |       |       |       |       |     1 ||     1
  Evoke: Wand              |       |     2 |       |       |       ||     2
    Use: Scroll            |       |     5 |       |    11 |     9 ||    25
         Potion            |       |     3 |     1 |     3 |     1 ||     8
   Stab: Sleeping          |    22 |    29 |    29 |    38 |    17 ||   135
         Distracted        |     1 |     1 |     3 |    12 |    30 ||    47
         Confused          |       |       |     2 |    18 |    23 ||    43
         Paralysed         |       |       |       |       |     7 ||     7
 Armour: Robe              |     9 |    31 |    17 |    15 |       ||    72
         Troll leather arm |       |       |       |    10 |    86 ||    96
  Dodge: Dodged            |    33 |   183 |   181 |   288 |   661 ||  1346

Table legend: (Time is in decaauts)
 A = Elapsed time spent in this place.
 B = Non-inter-level travel time spent in this place.
 C = Inter-level travel time spent in this place.
 D = Time resting spent in this place.
 E = Time spent auto-exploring this place.
 F = Levels seen in this place.
 G = Mean time per level.
                   A        B        C        D        E       F      G
               +--------+--------+--------+--------+--------+-----+--------+
         Total |  24098 |  22780 |   1318 |   2349 |  16733 |  19 | 1268.3 |
       Dungeon |  14759 |  13788 |    971 |    715 |  11024 |  12 | 1229.9 |
        Temple |    103 |    103 |      0 |     94 |      0 |   1 |  103.0 |
          Lair |   7803 |   7456 |    347 |   1070 |   5044 |   5 | 1560.6 |
         Sewer |   1431 |   1431 |      0 |    470 |    664 |   1 | 1431.0 |
               +--------+--------+--------+--------+--------+-----+--------+

Top non-repeatable levels by time:
  Lair:5: 2439 daAuts
     D:8: 2329 daAuts
    D:10: 1738 daAuts
     D:5: 1486 daAuts
    D:11: 1459 daAuts
   Sewer: 1431 daAuts
  Lair:3: 1406 daAuts
  Lair:1: 1387 daAuts
  Lair:2: 1325 daAuts
  Lair:4: 1244 daAuts
     D:3: 1170 daAuts
    D:12: 1123 daAuts
     D:4: 990 daAuts
     D:9: 983 daAuts
     D:7: 916 daAuts
